Map: Thunderbird LE

Players

AerialSheep - Winner!

  • Race: Terran Terran
  • League: Diamond
  • Spawn Location: 5:00

Mez

  • Race: Terran Terran
  • League: Master
  • Spawn Location: 11:00

VOD

Have the link to the VOD?

Description

Time

  • Played on: Aug. 30, 2019, 6:34 a.m.
  • Length: 17:36
Show
View Real Time Build Order
Export as new Build Order

AerialSheep Terran - Winner!

Build Orders:  

Get SALT Encoding   

  12  0:01  SCV  
  13  0:13  SCV  
  14  0:18  Supply Depot  
  14  0:25  SCV  
  15  0:30  Refinery  
  15  0:40  SCV  
  16  0:49  Barracks  
  16  0:54  SCV  
  17  1:08  Barracks  
  17  1:12  SCV  
  18  1:24  SCV  
  19  1:30  Refinery  
  19  1:35  Supply Depot  
  19  1:37  Reaper  
  20  1:49  Orbital Command  
  20  1:57  Reaper  
  21  2:09  Reaper  
  21  2:13  Factory  
  22  2:33  Reaper  
  22  2:34  SCV  
  24  2:44  Reaper  
  25  2:56  Command Center  
  25  3:03  Hellion  
  27  3:07  SCV  
  28  3:15  Starport  
  28  3:23  Supply Depot  
  28  3:25  Factory Tech Lab  
  28  3:34  SCV  
  29  3:46  SCV  
  30  3:51  Cyclone  
  30  3:53  Viking  
  34  4:07  SCV  
  34  4:09  Orbital Command  
  34  4:17  Barracks  
  34  4:25  Siege Tank  
  34  4:26  Starport Tech Lab  
  34  4:31  SCV  
  38  4:32  Barracks Tech Lab  
  38  4:35  Barracks Reactor  
  37  4:43  SCV x2  
  38  4:52  Marine, Stimpack  
  39  4:55  SCV x2  
  39  4:56  Refinery  
  41  5:07  SCV x2  
  43  5:19  SCV  
  43  5:20  SCV  
  42  5:31  Marine x3  
  42  5:32  Raven  
  42  5:33  SCV x2  
  49  5:39  Barracks  
  49  5:42  Barracks Reactor, Engineering Bay x2  
  49  5:44  Siege Tank  
  49  5:45  Barracks  
  49  5:47  SCV  
  49  5:48  SCV, Supply Depot  
  54  6:09  Marine x3  
  54  6:10  Supply Depot  
  57  6:12  Terran Infantry Armor Level 1, Terran Infantry Weapons Level 1  
  57  6:15  SCV  
  57  6:16  SCV  
  59  6:20  Siege Tank  
  62  6:28  Supply Depot  
  62  6:29  Supply Depot  
  62  6:32  Marine  
  63  6:33  Barracks Reactor  
  63  6:35  Barracks Reactor  
  63  6:36  Marine x3  
  63  6:37  Marine  
  67  6:40  SCV x2  
  67  6:41  Combat Shield  
  67  6:42  Refinery  
  68  6:54  SCV x2  
  70  7:06  Marine x3  
  70  7:07  Marine x2  
  75  7:08  Command Center  
  75  7:11  SCV x2  
  77  7:16  Marine x4  
  77  7:17  Raven  
  83  7:22  Supply Depot  
  83  7:26  SCV  
  83  7:27  Marine, SCV  
  86  7:33  Supply Depot x2  
  86  7:36  Supply Depot  
  86  7:38  Marine x3  
  86  7:39  Armory  
  86  7:42  Siege Tank  
  92  7:44  Marine x2  
  92  7:51  Marine x4  
  94  7:54  SCV  
  100  7:58  SCV  
  100  8:00  Raven  
  100  8:01  Marine x2  
  104  8:10  SCV  
  104  8:25  Orbital Command  
  104  8:26  Terran Infantry Armor Level 2, Terran Infantry Weapons Level 2  
  104  8:30  Marine  
  104  8:31  Marine  
  104  8:32  Command Center  
  106  8:34  Marine  
  106  8:40  Marine x2  
  110  8:43  Missile Turret  
  109  8:52  Medivac x2  
  109  8:53  Orbital Command  
  113  8:57  Barracks Reactor  
  113  8:58  Factory  
  113  9:07  Marine x4  
  113  9:08  Marine x3  
  120  9:11  Supply Depot  
  120  9:16  SCV x2  
  122  9:21  SCV, Refinery  
  123  9:24  Medivac x2  
  123  9:25  Marine  
  123  9:26  Refinery  
  123  9:28  Marine x3, Supply Depot  
  123  9:30  Marine  
  123  9:31  Marine x2  
  134  9:42  Missile Turret  
  134  9:43  Missile Turret  
  134  9:44  SCV x2  
  134  9:45  SCV  
  137  9:47  Marine x3  
  137  9:52  Orbital Command  
  140  9:58  Marine x5  
  145  10:04  Missile Turret  
  144  10:23  Marine x8  
  144  10:24  Marine  
  144  10:26  Siege Tank, Terran Vehicle Weapons Level 1  
  124  11:22  Siege Tank  
  124  11:24  Marine x6  
  124  11:25  Marine x3  
  136  11:31  Barracks x2  
  136  11:32  Barracks  
  136  11:33  Command Center  
  136  11:41  Marine, Terran Infantry Weapons Level 3, Terran Infantry Armor Level 3, Supply Depot  
  136  11:43  Siege Tank  
  136  11:44  Supply Depot  
  136  11:46  SCV x4  
  144  11:49  Marine x7  
  144  11:50  Marine  
  144  11:54  Supply Depot  
  152  12:00  Missile Turret  
  151  12:05  Missile Turret x2  
  151  12:06  Missile Turret  
  110  12:29  Marine x7  
  114  12:30  Marine, Barracks Reactor  
  114  12:31  Barracks Reactor  
  114  12:32  Medivac  
  114  12:33  Medivac  
  120  12:37  Siege Tank  
  120  12:38  Marine  
  120  12:40  Starport  
  120  12:41  Starport  
  124  12:46  Marine  
  124  12:47  Marine x5  
  124  12:49  Marine  
  124  12:50  Marine  
  132  12:56  Marine  
  133  13:03  SCV x3  
  133  13:04  Marine  
  137  13:06  Marine x7  
  144  13:36  Planetary Fortress  
  144  13:52  Viking x2  
  148  14:02  Marine x4  
  149  14:03  Marine x6  
  149  14:04  Starport Reactor, Starport Tech Lab  
  158  14:10  Refinery  
  158  14:11  Refinery  
  123  14:31  Liberator  
  134  14:36  Marine  
  134  14:37  Marine x10  
  112  14:39  Siege Tank x2  
  112  14:42  Marine x2  
  117  14:46  Medivac x2  
  117  14:47  Viking x2  
  117  14:51  Fusion Core  
  128  14:54  Marine x2  
  128  14:58  Sensor Tower  
  128  14:59  Terran Vehicle Weapons Level 2  
  125  15:11  Siege Tank x2  
  111  15:16  Medivac x2  
  111  15:17  Medivac  
  117  15:21  Marine  
  117  15:22  Marine x11  
  117  15:24  Marine  
  130  15:29  Medivac  
  132  15:36  Neosteel Armor, Hi-Sec Auto Tracking  
  132  15:38  Liberator x2, Barracks Reactor, Advanced Ballistics  
  132  15:47  Marine x5  
  132  15:48  Marine x8  
  145  15:50  Siege Tank  
  145  15:56  Medivac x2  
  158  16:05  Marine  
  159  16:11  Medivac  
  158  16:40  Marine x15  
  158  16:42  Siege Tank x2  
  142  17:03  SCV  
  142  17:04  SCV x4  
Show
View Real Time Build Order
Export as new Build Order

Mez Terran 

Build Orders: Reaper Expand 

Get SALT Encoding   

  12  0:00  SCV  
  13  0:13  SCV  
  14  0:17  Supply Depot  
  14  0:25  SCV  
  15  0:38  SCV  
  15  0:40  Refinery  
  16  0:44  Barracks  
  16  0:50  SCV  
  17  1:03  SCV  
  18  1:15  SCV  
  19  1:31  Orbital Command, Reaper  
  20  1:43  Command Center  
  20  1:56  Bunker  
  20  2:04  Marine  
  20  2:05  Bunker, Supply Depot x2  
  20  2:08  Factory  
  21  2:11  SCV  
  22  2:19  Refinery  
  21  2:30  Marine  
  21  2:36  SCV  
  22  2:49  Marine  
  23  2:55  Starport  
  23  2:56  Factory Tech Lab  
  23  2:58  SCV  
  24  3:13  Barracks Reactor  
  24  3:16  Cyclone  
  27  3:24  SCV  
  28  3:32  Command Center  
  28  3:40  Viking  
  30  3:44  SCV  
  31  3:51  Marine x2  
  33  4:00  SCV  
  34  4:03  Siege Tank  
  37  4:12  SCV  
  39  4:24  SCV  
  39  4:34  Marine  
  39  4:37  Marine, SCV, Medivac  
  43  4:40  Siege Tank  
  46  4:46  Orbital Command  
  46  4:53  Supply Depot  
  46  4:57  Marine x2  
  46  4:58  SCV  
  49  5:17  Marine x2  
  47  5:21  Starport Tech Lab  
  47  5:22  Siege Tank  
  47  5:27  SCV x2  
  49  5:39  SCV  
  49  5:40  Marine x2  
  49  5:41  Raven  
  54  5:46  Command Center  
  54  5:50  SCV  
  54  5:51  SCV  
  56  6:03  Barracks x2  
  56  6:04  Marine x2, SCV  
  59  6:18  Siege Tank  
  64  6:27  SCV x2  
  66  6:33  Refinery  
  66  6:34  Barracks, Refinery  
  66  6:35  Barracks  
  66  6:39  SCV x2  
  66  6:46  Marine  
  67  6:52  Barracks Reactor x2  
  67  6:53  Stimpack  
  68  6:54  SCV x2  
  68  7:01  Orbital Command  
  69  7:03  Marine  
  70  7:10  Medivac  
  70  7:11  Medivac  
  70  7:13  SCV x2  
  77  7:27  Barracks Reactor x2  
  75  7:31  SCV x3, Engineering Bay  
  75  7:32  Engineering Bay  
  75  7:33  Marine x5  
  83  7:43  SCV x2  
  85  7:54  Supply Depot x2  
  85  7:55  Supply Depot  
  85  7:57  Supply Depot  
  85  8:04  Refinery  
  85  8:15  Marine x8, SCV x2, Siege Tank, Terran Infantry Armor Level 1, Terran Infantry Weapons Level 1  
  85  8:16  SCV, Medivac x2  
  103  8:23  Supply Depot x2  
  103  8:24  Supply Depot  
  102  8:28  SCV x3  
  102  8:33  Combat Shield, Refinery  
  105  8:34  Marine x3  
  105  8:39  Marine x3  
  105  8:40  SCV x3  
  114  8:46  Marine x3  
  117  8:52  Marine x2, Supply Depot  
  117  8:53  Supply Depot  
  119  8:57  SCV x3  
  122  9:03  Marine x2  
  124  9:10  Marine x2  
  124  9:11  Missile Turret  
  124  9:12  Missile Turret  
  124  9:16  Missile Turret x2  
  126  9:18  Missile Turret  
  126  9:19  Marine x2  
  126  9:20  Siege Tank  
  131  9:25  Armory  
  131  9:28  Factory  
  131  9:32  Supply Depot x2  
  131  9:35  SCV  
  131  9:36  SCV x2  
  134  9:40  Marine  
  134  9:41  Marine x5  
  140  9:50  Marine x3  
  143  9:58  Marine  
  144  10:00  Siege Tank  
  144  10:03  Command Center, Viking  
  149  10:24  Supply Depot  
  149  10:27  Supply Depot  
  149  10:32  Cyclone  
  152  10:44  Marine  
  152  10:45  Marine x8  
  152  10:46  Factory Tech Lab  
  152  10:47  Medivac x2  
  143  11:02  Marine x2  
  116  11:05  Siege Tank  
  116  11:08  Marine x7  
  116  11:10  Siege Tank  
  124  11:12  SCV x2  
  124  11:17  Medivac x2  
  130  11:20  Marine x2  
  130  11:22  Missile Turret  
  130  11:23  Terran Infantry Armor Level 2, Terran Infantry Weapons Level 2  
  132  11:26  Marine x5  
  132  11:29  Supply Depot  
  132  11:32  Marine  
  138  11:37  Widow Mine  
  140  11:40  Barracks  
  140  11:41  Barracks  
  140  11:42  Marine, Widow Mine  
  140  11:43  Barracks  
  143  11:47  Planetary Fortress  
  143  11:57  Marine x5, Sensor Tower  
  148  12:03  Siege Tank  
  151  12:19  Marine x9  
  122  12:28  Siege Tank  
  111  12:32  Barracks Reactor x2  
  111  12:36  SCV x2  
  111  12:37  Marine x4  
  113  12:38  SCV x2  
  119  12:48  Marine  
  119  12:49  Marine x4  
  125  12:54  Marine  
  125  12:55  Marine x2  
  128  13:00  Siege Tank  
  128  13:04  Barracks Reactor  
  130  13:08  Siege Tank  
  133  13:20  Missile Turret  
  133  13:21  Missile Turret  
  133  13:25  Marine x12  
  144  13:29  Viking x2  
  144  13:32  Siege Tank  
  151  13:35  Terran Vehicle Weapons Level 1  
  151  13:37  Starport  
  151  13:38  Starport  
  151  13:40  Siege Tank  
  129  13:57  Marine x15  
  144  14:11  Viking x2  
  144  14:14  Marine  
  144  14:15  Marine x4  
  144  14:24  Siege Tank x2  
  145  14:28  Marine  
  145  14:29  Marine x6  
  138  14:37  Marine x5  
  137  14:48  SCV x4  
  141  14:53  Marine x4  
  145  15:00  SCV x2  
  145  15:04  Medivac x2  
  137  15:12  Marine  
  137  15:13  Marine x7  
  102  15:31  Siege Tank x2  
  102  15:34  Medivac x2  
  112  15:39  Refinery  
  112  15:43  Marine x4  
  112  15:44  Marine x6  
  112  15:46  Command Center  
  122  16:03  Siege Tank  
  125  16:06  Viking x2  
  125  16:07  Viking x2  
  133  16:14  Orbital Command  
  133  16:17  Refinery  
  133  16:18  Marine x2  
  133  16:19  Marine x5  
  140  16:36  Viking  
  134  16:47  Marine x8  
  116  16:49  Marine  
  95  17:04  Marine  
  95  17:05  Marine x7  
  95  17:06  SCV  
  95  17:07  Marine, SCV x2  
Tags
 
Add a new tag
Caveats
  • Supply blocks, unpowered buildings, or Contaminate may cause inaccurate times.
  • Supply counts are checked every 10 seconds.